Map: Thunderbird LE

Players

AggieCoolGuy

  • Race: Zerg Zerg
  • League: Platinum
  • Spawn Location: 11:00

DarwinAwdWnr - Winner!

  • Race: Zerg Zerg
  • League: Silver
  • Spawn Location: 5:00

VOD

Have the link to the VOD?

Description

Time

  • Played on: June 23, 2019, 11:54 a.m.
  • Length: 7:28
Show
View Real Time Build Order
Export as new Build Order

AggieCoolGuy Zerg 

Build Orders: Pool First 

Get SALT Encoding   

  12  0:01  Drone  
  13  0:09  Drone  
  14  0:17  Overlord  
  14  0:20  Extractor  
  13  0:23  Drone  
  14  0:36  Drone x2  
  16  0:49  Spawning Pool  
  15  0:53  Drone  
  16  1:21  Drone  
  16  1:23  Hatchery  
  16  1:28  Drone  
  16  1:31  Drone  
  18  1:36  Metabolic Boost  
  18  1:48  Queen  
  18  1:51  Drone  
  21  1:58  Overlord  
  21  2:09  Zergling x2  
  22  2:23  Drone x2  
  22  2:29  Baneling Nest  
  23  2:33  Zergling x2  
  23  2:36  Queen  
  26  2:38  Zergling x4  
  28  2:45  Extractor  
  28  2:46  Lair  
  27  2:52  Zergling x2  
  27  2:54  Zergling x2  
  29  3:13  Overlord  
  29  3:16  Drone x4  
  33  3:43  Baneling x2  
  33  3:45  Zergling x4, Baneling  
  33  3:46  Drone  
  36  3:53  Hydralisk Den  
  36  3:55  Zergling x4  
  36  3:56  Overlord x2, Zergling x2  
  36  3:58  Drone  
  30  4:42  Hydralisk x5  
  30  4:43  Hydralisk x2  
  44  4:51  Zergling x2  
  44  4:52  Zergling x4  
  42  4:56  Baneling  
  38  5:14  Zergling x6  
  38  5:34  Hydralisk x2  
  41  5:39  Drone  
  33  6:11  Hydralisk x3  
  33  6:13  Zergling x4  
  29  6:35  Lurker Den  
  24  6:42  Zergling x8  
  22  7:00  Zergling x4  
Show
View Real Time Build Order
Export as new Build Order

DarwinAwdWnr Zerg - Winner!

Build Orders: Hatch First, Zergling Baneling 

Get SALT Encoding   

  12  0:01  Drone  
  13  0:10  Drone  
  14  0:17  Overlord  
  14  0:36  Drone x2  
  16  0:50  Hatchery  
  15  1:00  Drone x3  
  18  1:08  Extractor  
  17  1:18  Spawning Pool  
  16  1:20  Drone  
  17  1:33  Drone  
  18  1:42  Drone  
  19  1:51  Drone  
  20  1:57  Overlord  
  20  2:06  Zergling x4  
  20  2:07  Queen x2  
  26  2:11  Metabolic Boost  
  26  2:20  Drone  
  26  2:21  Drone  
  28  2:35  Drone x3  
  31  2:38  Overlord  
  31  2:48  Drone x2  
  32  3:10  Zergling x8  
  32  3:11  Baneling Nest  
  34  3:21  Evolution Chamber  
  34  3:24  Zergling x2  
  34  3:25  Zergling x10, Spine Crawler  
  38  3:52  Hatchery  
  37  3:56  Baneling  
  37  3:57  Baneling  
  37  3:58  Baneling  
  37  3:59  Baneling x2  
  37  4:00  Baneling  
  37  4:01  Baneling  
  37  4:02  Zergling x12  
  43  4:09  Zergling x2  
  44  4:10  Overlord  
  44  4:15  Zerg Melee Weapons Level 1  
  38  4:35  Zergling x10  
  38  4:36  Zergling x2  
  40  4:39  Baneling x2  
  40  4:40  Baneling  
  40  4:52  Zergling x12  
  42  5:08  Zergling x6  
  42  5:11  Zergling x2  
  38  5:23  Zergling x4  
  40  5:34  Zergling x2  
  40  5:35  Zergling x16  
  45  5:38  Baneling x4  
  45  5:54  Zergling x2  
  45  5:55  Zergling x14  
  47  6:03  Zergling x6  
  46  6:11  Zergling x2  
  46  6:12  Zergling x4  
  46  6:13  Zergling x2  
  48  6:22  Baneling x4  
  48  6:29  Zergling x2  
  48  6:30  Zergling x6  
  49  6:34  Zergling x4  
  49  6:36  Zergling x2  
  47  6:42  Zergling x4  
  40  6:58  Zergling x14  
Tags
 
Matchup
ZvZ
Race
Zerg
Replay Pack
10.7.19
Spawn Locations
Cross Positions
Add a new tag
Caveats
  • Supply blocks, unpowered buildings, or Contaminate may cause inaccurate times.
  • Supply counts are checked every 10 seconds.